TOP OF THE 1ST |
Chattanooga Chinpokomon batting - Pitching for Tuscaloosa Trout Slayers : RHP Fernando Rodríguez
|
Pitching: RHP Fernando Rodríguez
|
|
Batting: LHB Elvin Summers
|
0-0: Ball 1-0: Ball 2-0: Foul Ball, location: 2F 2-1: Ball 3-1: Fly out, F7 (Flyball, 7)
|
Batting: RHB Ben Barker
|
0-0: Called Strike 0-1: Ball 1-1: Ball 2-1: Ball 3-1: Foul Ball, location: 2F 3-2: Foul Ball, location: 2F 3-2: SINGLE (Flyball, 7S)
|
Batting: RHB Ricardo Salazar
|
0-0: Called Strike 0-1: Ball Ben Barker steals 2nd base 1-1: Foul Ball, location: 2F 1-2: Ball 2-2: Strikes out looking
|
Batting: RHB Tom Hicks
|
0-0: Ball 1-0: Called Strike 1-1: Ball 2-1: Swinging Strike 2-2: Strikes out looking
|
Top of the 1st over - 0 runs, 1 hit, 0 errors, 1 left on base; Chattanooga 0 - Tuscaloosa 0 |
BOTTOM OF THE 1ST |
Tuscaloosa Trout Slayers batting - Pitching for Chattanooga Chinpokomon : RHP Ricardo Quiñones
|
Pitching: RHP Ricardo Quiñones
|
|
Batting: LHB Manuel Ortega
|
0-0: Swinging Strike 0-1: Ball 1-1: Ball 2-1: Swinging Strike 2-2: Ball 3-2: Strikes out swinging
|
Batting: RHB José Fernández
|
0-0: Ball 1-0: Ball 2-0: Fly out, F9 (Flyball, 9S)
|
Batting: LHB Ed Murray
|
0-0: Ball 1-0: Foul Ball, location: 2F 1-1: SINGLE (Line Drive, 6M)
|
Batting: RHB Alfredo Díaz
|
0-0: Ball 1-0: Called Strike 1-1: Ball 2-1: Ball 3-1: Foul Ball, location: 2F 3-2: DOUBLE (Flyball, 78XD) Ed Murray to third Ed Murray scores
|
Batting: LHB Marcos Villarreal
|
0-0: Called Strike 0-1: Ball 1-1: Foul Ball, location: 2F 1-2: Ball 2-2: Strikes out looking
|
Bottom of the 1st over - 1 run, 2 hits, 0 errors, 1 left on base; Chattanooga 0 - Tuscaloosa 1 |
TOP OF THE 2ND |
Chattanooga Chinpokomon batting - Pitching for Tuscaloosa Trout Slayers : RHP Fernando Rodríguez
|
Batting: RHB Chris Burrell
|
0-0: Called Strike 0-1: Called Strike 0-2: Fly out, F8 (Line Drive, 8RD)
|
Batting: RHB Jesús Tisnado
|
0-0: Called Strike 0-1: Ball 1-1: SINGLE (Groundball, 56D)
|
Batting: SHB Roberto Rivera
|
0-0: Ball 1-0: Ball 2-0: Foul Ball, location: 2F 2-1: Foul Ball, location: 2F 2-2: Ball 3-2: Base on Balls Jesús Tisnado to second
|
Batting: RHB Ichizo Akiyama
|
0-0: Grounds into double play, 6-4-3 (Groundball, 56)
|
Top of the 2nd over - 0 runs, 1 hit, 0 errors, 1 left on base; Chattanooga 0 - Tuscaloosa 1 |
BOTTOM OF THE 2ND |
Tuscaloosa Trout Slayers batting - Pitching for Chattanooga Chinpokomon : RHP Ricardo Quiñones
|
Batting: RHB José Pinto
|
0-0: SINGLE (Groundball, 25) (infield hit)
|
Batting: RHB Augusto Baca
|
0-0: Swinging Strike 0-1: Swinging Strike 0-2: Fly out, F7 (Flyball, 7LSF)
|
Batting: SHB António Ramírez
|
0-0: Ball 1-0: Called Strike 1-1: Foul Ball, location: 2F 1-2: Ball Wild Pitch! José Pinto to second 2-2: Ball 3-2: Fly out, F8 (Flyball, 8RD)
|
Batting: RHB Greg Lee
|
0-0: Ball 1-0: Ball 2-0: Fly out, F8 (Flyball, 8RM)
|
Bottom of the 2nd over - 0 runs, 1 hit, 0 errors, 1 left on base; Chattanooga 0 - Tuscaloosa 1 |
TOP OF THE 3RD |
Chattanooga Chinpokomon batting - Pitching for Tuscaloosa Trout Slayers : RHP Fernando Rodríguez
|
Batting: LHB Mario Cornelo
|
0-0: Ball 1-0: Foul Ball, location: 2F 1-1: Ground out 3-1 (Groundball, 34)
|
Batting: LHB Elvin Summers
|
0-0: SINGLE (Line Drive, 8LS)
|
Batting: RHB Ben Barker
|
0-0: Ball 1-0: 2-RUN HOME RUN (Line Drive, 7LD) (Inside the Park)
|
Batting: RHB Ricardo Salazar
|
0-0: Fly out, F4 (Line Drive, 4)
|
Batting: RHB Tom Hicks
|
0-0: Foul Ball, location: 2F 0-1: Ball 1-1: Ball 2-1: Swinging Strike 2-2: Foul Ball, location: 2F 2-2: Ball 3-2: Fly out, F7 (Flyball, 78M)
|
Top of the 3rd over - 2 runs, 2 hits, 0 errors, 0 left on base; Chattanooga 2 - Tuscaloosa 1 |
BOTTOM OF THE 3RD |
Tuscaloosa Trout Slayers batting - Pitching for Chattanooga Chinpokomon : RHP Ricardo Quiñones
|
Batting: LHB Manuel Ortega
|
0-0: Called Strike 0-1: Ball 1-1: Fly out, F7 (Flyball, 7LM)
|
Batting: RHB José Fernández
|
0-0: Ball 1-0: Foul Ball, location: 2F 1-1: Ball 2-1: Fly out, F8 (Line Drive, 8LD)
|
Batting: LHB Ed Murray
|
0-0: Foul Ball, location: 2F 0-1: Ball 1-1: SINGLE (Groundball, 4MD)
|
Batting: RHB Alfredo Díaz
|
0-0: Ball 1-0: Swinging Strike 1-1: Ball 2-1: Fly out, F8 (Flyball, 8LD)
|
Bottom of the 3rd over - 0 runs, 1 hit, 0 errors, 1 left on base; Chattanooga 2 - Tuscaloosa 1 |
TOP OF THE 4TH |
Chattanooga Chinpokomon batting - Pitching for Tuscaloosa Trout Slayers : RHP Fernando Rodríguez
|
Batting: RHB Chris Burrell
|
0-0: Fly out, F9 (Flyball, 89S)
|
Batting: RHB Jesús Tisnado
|
0-0: Ground out 5-3 (Groundball, 56)
|
Batting: SHB Roberto Rivera
|
0-0: Ball 1-0: Called Strike 1-1: Ball 2-1: Foul Ball, location: 2F 2-2: Strikes out swinging
|
Top of the 4th over - 0 runs, 0 hits, 0 errors, 0 left on base; Chattanooga 2 - Tuscaloosa 1 |
BOTTOM OF THE 4TH |
Tuscaloosa Trout Slayers batting - Pitching for Chattanooga Chinpokomon : RHP Ricardo Quiñones
|
Batting: LHB Marcos Villarreal
|
0-0: Called Strike 0-1: Foul Ball, location: 2F 0-2: Strikes out swinging
|
Batting: RHB José Pinto
|
0-0: Ball 1-0: Foul Ball, location: 2F 1-1: Ball 2-1: Called Strike 2-2: Strikes out looking
|
Batting: RHB Augusto Baca
|
0-0: Ball 1-0: Foul Ball, location: 2F 1-1: SINGLE (Groundball, 56D)
|
Batting: SHB António Ramírez
|
0-0: Ball 1-0: Called Strike 1-1: Foul Ball, location: 2F 1-2: Ball 2-2: Foul Ball, location: 2F 2-2: Ball 3-2: Strikes out swinging
|
Bottom of the 4th over - 0 runs, 1 hit, 0 errors, 1 left on base; Chattanooga 2 - Tuscaloosa 1 |
TOP OF THE 5TH |
Chattanooga Chinpokomon batting - Pitching for Tuscaloosa Trout Slayers : RHP Fernando Rodríguez
|
Batting: RHB Ichizo Akiyama
|
0-0: Ball 1-0: Ball 2-0: Fly out, F8 (Flyball, 78D)
|
Batting: LHB Mario Cornelo
|
0-0: Foul Ball, location: 2F 0-1: Foul Ball, location: 2F 0-2: Ball 1-2: Foul Ball, location: 2F 1-2: Foul Ball, location: 2F 1-2: Ground out 4-3 (Groundball, 4MS)
|
Batting: LHB Elvin Summers
|
0-0: Ground out 6-3 (Groundball, 6S)
|
Top of the 5th over - 0 runs, 0 hits, 0 errors, 0 left on base; Chattanooga 2 - Tuscaloosa 1 |
BOTTOM OF THE 5TH |
Tuscaloosa Trout Slayers batting - Pitching for Chattanooga Chinpokomon : RHP Ricardo Quiñones
|
Batting: RHB Greg Lee
|
0-0: Hit by Pitch
|
Batting: LHB Manuel Ortega
|
0-0: Ball 1-0: Ball 2-0: Swinging Strike 2-1: Foul Ball, location: 2F 2-2: SINGLE (Line Drive, 9LS) Greg Lee to second
|
Batting: RHB José Fernández
|
0-0: Ball 1-0: Ball 2-0: Foul Ball, location: 2F 2-1: Ball 3-1: Grounds into double play, 6-4-3 (Groundball, 6) Greg Lee to third
|
Batting: LHB Ed Murray
|
0-0: Ball 1-0: Ball 2-0: Ball 3-0: Base on Balls
|
Batting: RHB Alfredo Díaz
|
0-0: Swinging Strike 0-1: Fly out, F7 (Flyball, 7LM)
|
Bottom of the 5th over - 0 runs, 1 hit, 0 errors, 2 left on base; Chattanooga 2 - Tuscaloosa 1 |
TOP OF THE 6TH |
Chattanooga Chinpokomon batting - Pitching for Tuscaloosa Trout Slayers : RHP Fernando Rodríguez
|
Batting: RHB Ben Barker
|
0-0: Ball 1-0: Called Strike 1-1: Foul Ball, location: 2F 1-2: Ground out 6-3 (Groundball, 6)
|
Batting: RHB Ricardo Salazar
|
0-0: Ball 1-0: SINGLE (Line Drive, 89S)
|
Batting: RHB Tom Hicks
|
0-0: Ball 1-0: Foul Ball, location: 2F 1-1: Fly out, F7 (Flyball, 78M)
|
Batting: RHB Chris Burrell
|
0-0: Ball 1-0: Foul Ball, location: 2F 1-1: Foul Ball, location: 2F 1-2: Ball 2-2: Foul Ball, location: 2F 2-2: Ball 3-2: Ground out 4-3 (Groundball, 4)
|
Top of the 6th over - 0 runs, 1 hit, 0 errors, 1 left on base; Chattanooga 2 - Tuscaloosa 1 |
BOTTOM OF THE 6TH |
Tuscaloosa Trout Slayers batting - Pitching for Chattanooga Chinpokomon : RHP Ricardo Quiñones
|
Pitching: RHP Claudio Ramírez
|
|
Batting: LHB Marcos Villarreal
|
0-0: Called Strike 0-1: Foul Ball, location: 2F 0-2: Ball 1-2: Foul Ball, location: 2F 1-2: Ball 2-2: Ball 3-2: Foul Ball, location: 2F 3-2: Foul Ball, location: 2F 3-2: Foul Ball, location: 2F 3-2: Base on Balls
|
Batting: RHB José Pinto
|
0-0: Ball 1-0: Called Strike 1-1: Called Strike 1-2: Ball 2-2: Strikes out looking
|
Batting: RHB Augusto Baca
|
0-0: Foul Ball, location: 2F 0-1: Ball 1-1: Foul Ball, location: 2F 1-2: Grounds into double play, 5-4-3 (Groundball, 5L)
|
Bottom of the 6th over - 0 runs, 0 hits, 0 errors, 0 left on base; Chattanooga 2 - Tuscaloosa 1 |
TOP OF THE 7TH |
Chattanooga Chinpokomon batting - Pitching for Tuscaloosa Trout Slayers : RHP Fernando Rodríguez
|
Pitching: RHP Víctor Viña
|
|
Batting: RHB Jesús Tisnado
|
0-0: Ball 1-0: Called Strike 1-1: Ball 2-1: Ball 3-1: Foul Ball, location: 2F 3-2: Base on Balls
|
Batting: SHB Roberto Rivera
|
0-0: Bunt missed! 0-1: Ball 1-1: Sac Bunt - play at first, batter OUT! 1-4 Jesús Tisnado to second
|
Batting: RHB Ichizo Akiyama
|
0-0: Swinging Strike 0-1: Foul Ball, location: 2F 0-2: Ball 1-2: Ball 2-2: Strikes out swinging
|
Pitching: LHP Dave Blackwell
|
|
Pinch Hitting: RHB Felipe Rego
|
0-0: Ball 1-0: Foul Ball, location: 2F 1-1: Called Strike 1-2: Ball 2-2: Foul Ball, location: 2F 2-2: Ball 3-2: Foul Ball, location: 2F 3-2: Foul Ball, location: 2F 3-2: Foul Ball, location: 2F 3-2: Base on Balls
|
Pinch Hitting: RHB Jim Beck
|
0-0: Ball 1-0: Fly out, F9 (Flyball, 9LS)
|
Top of the 7th over - 0 runs, 0 hits, 0 errors, 2 left on base; Chattanooga 2 - Tuscaloosa 1 |
BOTTOM OF THE 7TH |
Tuscaloosa Trout Slayers batting - Pitching for Chattanooga Chinpokomon : RHP Claudio Ramírez
|
Now at SS: Jesús Ramírez
|
|
Now in RF: Felipe Rego
|
|
Batting: SHB António Ramírez
|
0-0: Ball 1-0: Ball 2-0: Called Strike 2-1: Ball 3-1: Base on Balls
|
Batting: RHB Greg Lee
|
0-0: Bunt - Flyout! F3
|
Pitching: LHP Mario Solíz
|
|
Pinch Hitting: RHB Kyle O'Day
|
0-0: Fly out, F9 (Flyball, 9S)
|
Pitching: RHP Charles Palmeiro
|
|
Batting: RHB José Fernández
|
0-0: Called Strike 0-1: Ball 1-1: Foul Ball, location: 2F 1-2: Fly out, F6 (Line Drive, 6)
|
Bottom of the 7th over - 0 runs, 0 hits, 0 errors, 1 left on base; Chattanooga 2 - Tuscaloosa 1 |
TOP OF THE 8TH |
Chattanooga Chinpokomon batting - Pitching for Tuscaloosa Trout Slayers : LHP Dave Blackwell
|
Pitching: RHP Matt McGinnity
|
|
Now in LF: Kyle O'Day
|
|
Batting: RHB Ben Barker
|
0-0: Ball 1-0: Ball 2-0: Ground out 6-3 (Groundball, 6)
|
Batting: RHB Ricardo Salazar
|
0-0: Ball 1-0: Called Strike 1-1: Fly out, F8 (Line Drive, 89D)
|
Batting: RHB Tom Hicks
|
0-0: Called Strike 0-1: Fly out, F8 (Flyball, 89D)
|
Top of the 8th over - 0 runs, 0 hits, 0 errors, 0 left on base; Chattanooga 2 - Tuscaloosa 1 |
BOTTOM OF THE 8TH |
Tuscaloosa Trout Slayers batting - Pitching for Chattanooga Chinpokomon : RHP Charles Palmeiro
|
Batting: LHB Ed Murray
|
0-0: Ball 1-0: Called Strike 1-1: Foul Ball, location: 2F 1-2: Foul Ball, location: 2F 1-2: Ball 2-2: Ground out 1-3 (Groundball, P)
|
Batting: RHB Alfredo Díaz
|
0-0: Called Strike 0-1: Swinging Strike 0-2: Foul Ball, location: 2F 0-2: Ball 1-2: Foul Ball, location: 2F 1-2: Foul Ball, location: 2F 1-2: SINGLE (Flyball, 8LS)
|
Pitching: LHP Bob Quested
|
|
Batting: LHB Marcos Villarreal
|
0-0: Called Strike 0-1: Swinging Strike 0-2: Ball 1-2: Ball 2-2: Ball 3-2: SINGLE (Groundball, 4S) (infield hit) Alfredo Díaz to second
|
Batting: RHB José Pinto
|
0-0: Ball 1-0: Called Strike 1-1: Ball 2-1: Ball 3-1: Base on Balls Alfredo Díaz to third Marcos Villarreal to second
|
Batting: RHB Augusto Baca
|
0-0: Ball 1-0: Fly out, F8 (Flyball, 8LM) Runner from 3rd tags up, SCORES, no throw
|
Pinch Runner at 2nd Eddy Jefferson:
|
|
Batting: SHB António Ramírez
|
0-0: Called Strike 0-1: Ball 1-1: Ball 2-1: Ball 3-1: SINGLE (Line Drive, 78S) Eddy Jefferson to third José Pinto to second Runner from 3rd tries for Home, SAFE, no throw
|
Batting: RHB Greg Lee
|
0-0: Ball 1-0: Foul Ball, location: 2F 1-1: Ball 2-1: Ball 3-1: Swinging Strike 3-2: Foul Ball, location: 2F 3-2: Base on Balls José Pinto to third António Ramírez to second
|
Batting: RHB Kyle O'Day
|
0-0: GRAND SLAM HOME RUN (Flyball, 7LD), Distance : 349 ft
|
Pitching: LHP Félix García
|
|
Batting: RHB José Fernández
|
0-0: Ball 1-0: Ball 2-0: Called Strike 2-1: Ball 3-1: Base on Balls
|
Batting: LHB Ed Murray
|
0-0: Foul Ball, location: 2F 0-1: Ball 1-1: Ball 2-1: Hit by Pitch José Fernández to second
|
Batting: RHB Alfredo Díaz
|
0-0: Called Strike 0-1: Ball 1-1: Foul Ball, location: 2F 1-2: Ball 2-2: Ball 3-2: Base on Balls José Fernández to third Ed Murray to second
|
Batting: LHB Eddy Jefferson
|
0-0: Called Strike 0-1: Ball 1-1: Foul Ball, location: 2F 1-2: Strikes out looking
|
Bottom of the 8th over - 6 runs, 4 hits, 0 errors, 3 left on base; Chattanooga 2 - Tuscaloosa 7 |
TOP OF THE 9TH |
Chattanooga Chinpokomon batting - Pitching for Tuscaloosa Trout Slayers : RHP Matt McGinnity
|
Now at 1B: Juan Reyes
|
|
Batting: RHB Chris Burrell
|
0-0: Ball 1-0: Ball 2-0: Ball 3-0: Base on Balls
|
Batting: RHB Jesús Tisnado
|
0-0: Ball 1-0: Swinging Strike 1-1: Swinging Strike 1-2: Strikes out looking
|
Batting: SHB Roberto Rivera
|
0-0: Swinging Strike 0-1: Foul Ball, location: 2F 0-2: Ball 1-2: Ball 2-2: Strikes out swinging
|
Batting: RHB Ichizo Akiyama
|
0-0: Ball 1-0: Ball 2-0: SINGLE (Groundball, 56D) Chris Burrell to second
|
Batting: RHB Felipe Rego
|
0-0: Ball 1-0: Ball 2-0: Swinging Strike 2-1: Called Strike 2-2: Strikes out swinging
|
Top of the 9th over - 0 runs, 1 hit, 0 errors, 2 left on base; Chattanooga 2 - Tuscaloosa 7 |
|